 Dungeon Crawl Stone Soup version 0.30.0-29-ga12c61a403 (webtiles) character file.

Game seed: 17597761436124808158

5127 qw the Cleaver (level 10, -2/64 HPs)
             Began as a Gargoyle Fighter on June 5, 2023.
             Was a Priest of Okawaru.
             Slain by a vampire mosquito (4 damage)
             ... summoned by an orange crystal statue
             ... on level 9 of the Dungeon.
             The game lasted 00:03:52 (9098 turns).

qw the Cleaver (Gargoyle Fighter)                   Turns: 9098, Time: 00:03:52

Health: -2/64      AC: 25    Str: 29      XL:     10   Next: 58%
Magic:  10/13      EV:  7    Int:  4 (7)  God:    Okawaru [***...]
Gold:   509        SH:  0    Dex:  8      Spells: 9/9 levels left

rFire   + . .        Y - +1 broad axe
rCold   + . .        c - +0 buckler
rNeg    + . .        i - +0 plate armour
rPois   inf          x - +2 helmet {SInv}
rElec   +            l - scarf {rC+ rF+}
rCorr   .            f - +1 pair of gloves
SInv    +            (no boots)
Will    .....        (no amulet) Stlth
                     (no ring)
HPRegen 0.30/turn    (no ring)
MPRegen 0.13/turn

%: no passive effects
@: confused
A: sickness immunity, AC +7, negative energy resistance 1, electricity
resistance, torment resistance 1, petrification resistance, talons 1, sense
surroundings 1, strong 1, wild magic 1
a: Renounce Religion, Heroism


You were on level 9 of the Dungeon.
You worshipped Okawaru.
Okawaru was most pleased with you.
You visited 2 branches of the dungeon, and saw 10 of its levels.

You collected 657 gold pieces.
You spent 148 gold pieces at shops.


Innate Abilities, Weirdness & Mutations

You are immune to sickness and miasma.
Your stone body is resilient. (AC +7)
You are immune to poison.
You resist negative energy. (rN+)
You are resistant to electric shocks. (rElec)
You are resistant to unholy torment.
You are immune to petrification.
You have sharp toenails.
You passively map a small area around you.
Your muscles are strong. (Str +4, Int/Dex -1)
Your spells are a little harder to cast, but a little more powerful.


   Skills:
 - Level 8.0 Fighting
 - Level 10.1 Axes
 - Level 4.3 Throwing
 + Level 6.0 Armour
 - Level 1.0 Dodging
 - Level 5.0 Shields
 - Level 4.0 Invocations


You had 9 spell levels left.
You didn't know any spells.
Your spell library was empty.

Inventory:

Hand Weapons
 e - a +3 flail
 Y - a +1 broad axe (weapon)
Armour
 c - a +0 buckler (worn)
 f - a +1 pair of gloves (worn)
 g - the +5 ring mail of Dauxtad {rF+ Int+3}
   (You took it off an orc on level 4 of the Dungeon)

   Int:       It affects your intelligence (+3).
   rF:        It protects you from fire.
 i - a +0 plate armour (worn)
 l - a scarf of resistance (worn)
 r - a +0 cloak
 w - the +0 robe of the Boiling Point {rPois rN+ Will++ rCorr}
   (You found it on level 6 of the Dungeon)

   rPois:     It protects you from poison.
   rN:        It protects you from negative energy.
   rCorr:     It protects you from acid and corrosion.
   Will:      It greatly increases your willpower.
 x - a +2 helmet of see invisible (worn)
Jewellery
 s - a ring of see invisible
 y - a ring of ice
Scrolls
 a - a scroll of identify
 z - a scroll of teleportation
Potions
 d - a potion of might
 h - 2 potions of cancellation
 j - a potion of magic
 k - a potion of haste
 m - a potion of attraction
 n - 3 potions of mutation
 o - a potion of resistance
 p - a potion of lignification
 t - a potion of flight {unknown}

Dungeon Overview and Level Annotations

Branches:
Dungeon (9/15)             Temple (1/1) D:4
   Lair: D:8-11         Orc: D:9-12

Altars:
Ashenzari
Cheibriados
Elyvilon
Hepliaklqana
Kikubaaqudgha
Okawaru
Qazlal
Sif Muna
Trog
Uskayaw
Wu Jian
Xom
Zin

Shops:
D:4 [   D:5 ((   D:8 *

Annotations:
D:9 exclusion: orange crystal statue


Message History

The vampire mosquito barely misses you.
The vampire mosquito closely misses you.
The vampire mosquito barely misses you.
The vampire mosquito bites you but does no damage. x6
The vampire mosquito bites you but does no damage.
The vampire mosquito bites you! The vampire mosquito bites you.
The vampire mosquito barely misses you.
The vampire mosquito bites you but does no damage. x2
The vampire mosquito bites you. The vampire mosquito bites you!
The vampire mosquito bites you but does no damage. x2
The vampire mosquito barely misses you. x2
The orange crystal statue glitters.
You are more confused.
The vampire mosquito bites you but does no damage. x2
The vampire mosquito barely misses you.
The vampire mosquito bites you but does no damage. x3
The vampire mosquito bites you but does no damage. x3
The orange crystal statue fixes its piercing gaze on you.
You feel dopey. Something feeds on your intellect!
The vampire mosquito bites you but does no damage.
The vampire mosquito closely misses you.
The vampire mosquito bites you. The vampire mosquito bites you!
The vampire mosquito bites you. The vampire mosquito barely misses you.
The vampire mosquito bites you but does no damage.
The vampire mosquito bites you.
The vampire mosquito bites you but does no damage.
The vampire mosquito bites you but does no damage. x3
The vampire mosquito bites you. x2
The vampire mosquito bites you but does no damage.
Enter note:
Enter note:
Enter note: The vampire mosquito bites you but does no damage.
The vampire mosquito closely misses you. x2
The vampire mosquito bites you!
The vampire mosquito bites you but does no damage. x3
The vampire mosquito barely misses you. The vampire mosquito bites you.
You die...

###################
###################
....).............#
..................##
...............¤¤.¤##
...............y@¤..#
..............¤yy..¤#
..(.....=.(..##~##.¤#
..........¤¤¤#¤o$#~.#
............~~[8?~~.#
............~#}?¤#¤.#
.............##¤##..#
..............~~~. ..
.........>.........,


You could see an orange crystal statue, an orc warrior (summoned) and 3 vampire
mosquitoes.

Vanquished Creatures
  A two-headed ogre (D:9)
  Grinder (D:6)
  A hornet (D:7)
  Prince Ribbit (D:8)
  Sigmund (D:4)
  3 yaks
  2 wyverns
  A wraith (D:9)
  A steam dragon (D:7)
  A sky beast (D:7)
  2 orc warriors (D:7)
  A black bear (D:7)
  An ice beast (D:7)
  3 ogres
  2 centaurs
  2 phantoms
  A kobold brigand (D:7)
  2 bullfrogs
  3 scorpions
  10 killer bees
  3 howler monkeys (D:8)
  A jelly (D:6)
  A gnoll bouda (D:7)
  4 orc priests
  4 sleepcaps
  3 hounds
  5 iguanas
  4 orc wizards
  6 gnolls
  8 adders
  A white imp (D:5)
  3 ufetubi
  A worm (D:4)
  2 dart slugs
  30 orcs
  6 ball pythons
  7 endoplasms
  5 giant cockroaches
  11 goblins
  9 hobgoblins
  2 jackals (D:1)
  14 kobolds
  4 quokkas
  6 bats
  5 frilled lizards
  9 rats
194 creatures vanquished.

Vanquished Creatures (others)
  A kobold (D:4)
1 creature vanquished.

Grand Total: 195 creatures vanquished

Notes
Turn   | Place    | Note
-------+----------+-------------------------------------------
     0 | D:1      | qw the Gargoyle Fighter began the quest for the Orb.
     0 | D:1      | Reached XP level 1. HP: 14/14 MP: 1/1
     0 | D:1      | 0 ||| qw: Version: 0.2-a-108-gee2c290
     0 | D:1      | 0 ||| qw: Game counter: 1380
     0 | D:1      | 0 ||| qw: Always use a shield: true
     0 | D:1      | 0 ||| qw: God list: Okawaru
     0 | D:1      | 0 ||| qw: Allow faded altars: false
     0 | D:1      | 0 ||| qw: Do Orc after D:15 true
     0 | D:1      | 0 ||| qw: Do second Lair branch before Depths: true
     0 | D:1      | 0 ||| qw: Lair rune preference: random
     0 | D:1      | 0 ||| qw: Plans: Normal, Zot:1-4, Slime:5, God:TSO, Crypt,
                  | Tomb, Abyss, Pan, Hells, Win
     0 | D:1      | 0 ||| PLANNING D:1-11
    32 | D:1      | Reached skill level 2 in Axes
   158 | D:1      | Reached XP level 2. HP: 17/19 MP: 2/2
   372 | D:1      | Reached skill level 3 in Axes
   399 | D:1      | Reached XP level 3. HP: 23/23 MP: 3/3
   413 | D:1      | 413 ||| Stepping ~*~*~tactically~*~*~ (stealth).
   435 | D:1      | 435 ||| Stepping ~*~*~tactically~*~*~ (stealth).
   878 | D:1      | 878 ||| UPGRADING to +0 plate armour.
   888 | D:1      | 888 ||| DROPPING +0 scale mail.
   889 | D:1      | 889 ||| READING scroll labelled ORADAT PYAPADI.
   893 | D:1      | 893 ||| READING scroll labelled KIAFIUCVISO.
   894 | D:1      | 894 ||| READING scroll labelled MYCODI JIAC.
   895 | D:1      | 895 ||| READING 3 scrolls labelled VEITWED OPLU.
   896 | D:1      | 896 ||| DROPPING 2 scrolls of magic mapping.
   906 | D:2      | Found a faded altar of an unknown god.
   909 | D:2      | 909 ||| Stepping ~*~*~tactically~*~*~ (hiding).
  1340 | D:2      | Reached skill level 1 in Throwing
  1562 | D:2      | Reached XP level 4. HP: 28/28 MP: 4/4
  1635 | D:2      | 1635 ||| READING scroll of enchant weapon.
  1635 | D:2      | 1635 ||| ENCHANTING +1 war axe.
  1940 | D:2      | 1940 ||| Stepping ~*~*~tactically~*~*~ (hiding).
  2076 | D:2      | 2076 ||| UPGRADING to +0 pair of gloves.
  2081 | D:2      | 2081 ||| UPGRADING to +0 cloak.
  2086 | D:2      | 2086 ||| READING 2 scrolls labelled JUULYM GILLOIS.
  2087 | D:2      | 2087 ||| READING scroll labelled LIAPHURYJA.
  2088 | D:2      | 2088 ||| READING scroll labelled LOCIOZ LIBAGEA.
  2088 | D:2      | Identified a scroll of acquirement
  2088 | D:2      | 2088 ||| ACQUIRING scarf of resistance
  2088 | D:2      | Acquired a scarf of resistance
  2090 | D:2      | 2090 ||| UPGRADING to scarf of resistance.
  2100 | D:2      | 2100 ||| READING scroll labelled VOYM LIXUEPN.
  2101 | D:2      | 2101 ||| DRINKING 2 grey potions.
  2102 | D:2      | 2102 ||| DRINKING 3 silvery potions.
  2103 | D:2      | 2103 ||| DROPPING scroll of fog.
  2104 | D:2      | 2104 ||| DROPPING 2 potions of degeneration.
  2271 | D:3      | Reached skill level 4 in Axes
  2332 | D:3      | 2332 ||| Stepping ~*~*~tactically~*~*~ (stealth).
  2378 | D:3      | Reached XP level 5. HP: 23/32 MP: 5/5
  2661 | D:3      | 2661 ||| DROPPING +0 whip.
  2678 | D:3      | 2678 ||| Stepping ~*~*~tactically~*~*~ (stealth).
  2679 | D:3      | 2679 ||| Stepping ~*~*~tactically~*~*~ (stealth).
  2894 | D:3      | 2894 ||| READING scroll labelled IKKOCAOFOC.
  2895 | D:3      | 2895 ||| READING scroll labelled ROCSIAF XATE.
  2896 | D:3      | 2896 ||| READING 2 scrolls of identify.
  2896 | D:3      | 2896 ||| IDENTIFYING amethyst potion
  2916 | D:4      | Reached skill level 5 in Axes
  2984 | D:4      | 2984 ||| Stepping ~*~*~tactically~*~*~ (stealth).
  2985 | D:4      | 2985 ||| Stepping ~*~*~tactically~*~*~ (stealth).
  3001 | D:4      | 3001 ||| FLEEEEING.
  3210 | D:4      | 3210 ||| Stepping ~*~*~tactically~*~*~ (stealth).
  3211 | D:4      | 3211 ||| Stepping ~*~*~tactically~*~*~ (stealth).
  3212 | D:4      | 3212 ||| Stepping ~*~*~tactically~*~*~ (hiding).
  3213 | D:4      | 3213 ||| Stepping ~*~*~tactically~*~*~ (hiding).
  3218 | D:4      | Reached XP level 6. HP: 34/38 MP: 6/6
  3223 | D:4      | 3223 ||| Stepping ~*~*~tactically~*~*~ (stealth).
  3223 | D:4      | Identified the +5 ring mail of Dauxtad {rF+ Int+3}
  3225 | D:4      | 3225 ||| Stepping ~*~*~tactically~*~*~ (stealth).
  3235 | D:4      | Found a staircase to the Ecumenical Temple.
  3236 | D:4      | 3236 ||| PLANNING TEMPLE
  3236 | D:4      | 3236 ||| READING 2 scrolls of identify.
  3236 | D:4      | 3236 ||| IDENTIFYING fuming ruby potion
  3259 | Temple   | Entered the Ecumenical Temple
  3260 | Temple   | 3260 ||| PLANNING OKAWARU WORSHIP
  3266 | Temple   | Became a worshipper of Warmaster Okawaru
  3266 | Temple   | 3266 ||| PLANNING D:1-11
  3469 | D:4      | Found Noammoal's Antique Armour Shop.
  3612 | D:4      | Noticed Sigmund
  3621 | D:4      | Killed Sigmund
  3622 | D:4      | Reached skill level 6 in Axes
  3622 | D:4      | Reached XP level 7. HP: 33/43 MP: 7/7
  3688 | D:4      | 3688 ||| Stepping ~*~*~tactically~*~*~ (hiding).
  3689 | D:4      | 3689 ||| Stepping ~*~*~tactically~*~*~ (hiding).
  3853 | D:4      | 3853 ||| Stepping ~*~*~tactically~*~*~ (stealth).
  4201 | D:4      | 4201 ||| READING scroll labelled XUOCKUI MYUMISK.
  4202 | D:4      | 4202 ||| DRINKING 2 coppery potions.
  4270 | D:5      | Entered Level 5 of the Dungeon
  4344 | D:5      | Found Qoyfunn's Antique Weapon Shoppe.
  4353 | D:5      | 4353 ||| SHOPLISTING runed flail (214 gold, have 199).
  4628 | D:5      | 4628 ||| SWAPPING to +0 broad axe.
  4630 | D:5      | 4630 ||| DROPPING +2 war axe.
  4639 | D:5      | Found Qeonoomu's Firing Range.
  4705 | D:5      | Reached * piety under Okawaru
  4706 | D:5      | Reached skill level 7 in Axes
  4894 | D:5      | 4894 ||| DRINKING 2 potions of curing.
  4894 | D:5      | 4894 ||| (to cure confusion)
  4899 | D:5      | 4899 ||| DRINKING potion of curing.
  4899 | D:5      | 4899 ||| (to cure confusion)
  4907 | D:5      | Reached skill level 1 in Invocations
  4979 | D:5      | Reached XP level 8. HP: 41/48 MP: 9/9
  5088 | D:5      | 5088 ||| Stepping ~*~*~tactically~*~*~ (hiding).
  5290 | D:5      | 5290 ||| UPGRADING to ring of see invisible.
  5291 | D:5      | 5291 ||| DRINKING 2 sedimented inky potions.
  5291 | D:5      | Gained mutation: You have hidden genetic potential. [potion
                  | of mutation]
  5291 | D:5      | Gained mutation: You have sharp toenails. [potion of
                  | mutation]
  5291 | D:5      | Gained mutation: Your muscles are strong. (Str +4, Int/Dex
                  | -1) [potion of mutation]
  5409 | D:6      | 5409 ||| READING scroll of enchant weapon.
  5409 | D:6      | 5409 ||| ENCHANTING +0 broad axe.
  5432 | D:6      | 5432 ||| INVOKING Heroism.
  5494 | D:6      | 5494 ||| Stepping ~*~*~tactically~*~*~ (stealth).
  5502 | D:6      | Reached skill level 1 in Dodging
  5503 | D:6      | Noticed Grinder
  5504 | D:6      | 5504 ||| INVOKING Heroism.
  5507 | D:6      | Reached skill level 3 in Invocations
  5510 | D:6      | Killed Grinder
  5579 | D:6      | Identified the +0 robe of the Boiling Point {rPois rN+
                  | Will++ rCorr}
  5624 | D:6      | 5624 ||| Stepping ~*~*~tactically~*~*~ (stealth).
  5639 | D:6      | Reached ** piety under Okawaru
  5917 | D:6      | Found a shimmering blue altar of Sif Muna.
  5919 | D:6      | 5919 ||| UPGRADING to +2 helmet of see invisible.
  5924 | D:6      | 5924 ||| REMOVING ring of see invisible.
  5925 | D:6      | 5925 ||| DRINKING 3 inky potions.
  5926 | D:6      | 5926 ||| READING 2 scrolls of identify.
  5926 | D:6      | 5926 ||| IDENTIFYING pink potion
  5927 | D:6      | 5927 ||| DROPPING 2 potions of brilliance.
  5985 | D:7      | Noticed a wyvern
  5989 | D:7      | 5989 ||| STAIRDANCE
  5991 | D:6      | 5991 ||| INVOKING Heroism.
  5994 | D:6      | Killed a wyvern
  5995 | D:6      | Reached skill level 8 in Axes
  6142 | D:7      | 6142 ||| Stepping ~*~*~tactically~*~*~ (stealth).
  6144 | D:7      | 6144 ||| Stepping ~*~*~tactically~*~*~ (stealth).
  6147 | D:7      | 6147 ||| Stepping ~*~*~tactically~*~*~ (hiding).
  6149 | D:7      | 6149 ||| Stepping ~*~*~tactically~*~*~ (hiding).
  6158 | D:7      | 6158 ||| Stepping ~*~*~tactically~*~*~ (stealth).
  6164 | D:7      | 6164 ||| Stepping ~*~*~tactically~*~*~ (stealth).
  6166 | D:7      | 6166 ||| Stepping ~*~*~tactically~*~*~ (hiding).
  6167 | D:7      | 6167 ||| Stepping ~*~*~tactically~*~*~ (stealth).
  6168 | D:7      | 6168 ||| Stepping ~*~*~tactically~*~*~ (hiding).
  6169 | D:7      | 6169 ||| Stepping ~*~*~tactically~*~*~ (hiding).
  6170 | D:7      | 6170 ||| INVOKING Heroism.
  6182 | D:7      | Reached XP level 9. HP: 28/54 MP: 10/12
  6190 | D:7      | Gained mutation: Your spells are a little harder to cast,
                  | but a little more powerful. [hidden potential]
  6344 | D:7      | Reached skill level 6 in Fighting
  6345 | D:7      | 6345 ||| Stepping ~*~*~tactically~*~*~ (stealth).
  6370 | D:7      | 6370 ||| Stepping ~*~*~tactically~*~*~ (stealth).
  6372 | D:7      | 6372 ||| Stepping ~*~*~tactically~*~*~ (stealth).
  6385 | D:7      | 6385 ||| Stepping ~*~*~tactically~*~*~ (stealth).
  6386 | D:7      | 6386 ||| Stepping ~*~*~tactically~*~*~ (stealth).
  6428 | D:7      | 6428 ||| Stepping ~*~*~tactically~*~*~ (stealth).
  6430 | D:7      | 6430 ||| Stepping ~*~*~tactically~*~*~ (hiding).
  6431 | D:7      | 6431 ||| Stepping ~*~*~tactically~*~*~ (hiding).
  6434 | D:7      | 6434 ||| INVOKING Heroism.
  6435 | D:7      | Noticed a hornet
  6437 | D:7      | 6437 ||| Stepping ~*~*~tactically~*~*~ (hiding).
  6450 | D:7      | 6450 ||| DRINKING 2 potions of curing.
  6450 | D:7      | 6450 ||| (to cure confusion)
  6451 | D:7      | Killed a hornet
  6452 | D:7      | Reached skill level 9 in Axes
  6704 | D:7      | Identified the amulet "Xosotzum" {RegenMP rPois rN+++ Dex-2
                  | Slay-5}
  6708 | D:7      | You fall into a shaft and drop 2 floors!
  6710 | D:9      | 6710 ||| DROPPING amulet "Xosotzum" {RegenMP rPois rN+++
                  | Dex-2 Slay-5}.
  6711 | D:9      | 6711 ||| READING scroll labelled BAN YPILOMU.
  6712 | D:9      | 6712 ||| READING scroll labelled CUFOMIH HOPHIYPY.
  6725 | D:8      | Found a flagged portal.
  6726 | D:8      | 6726 ||| Stepping ~*~*~tactically~*~*~ (hiding).
  6755 | D:7      | 6755 ||| INVOKING Heroism.
  6980 | D:7      | 6980 ||| INVOKING Heroism.
  6997 | D:7      | Reached skill level 6 in Armour
  7001 | D:7      | 7001 ||| INVOKING Heroism.
  7069 | D:7      | Identified the staff of fire "Oruajed" {rF+ rN++}
  7187 | D:7      | 7187 ||| READING scroll labelled REEDGH AXEVEC.
  7227 | D:8      | 7227 ||| STAIRDANCE
  7231 | D:7      | 7231 ||| INVOKING Heroism.
  7234 | D:7      | Reached XP level 10. HP: 20/63 MP: 10/13
  7237 | D:7      | HP: 15/63 [killer bee (4)]
  7238 | D:7      | 7238 ||| READING scroll of teleportation.
  7251 | D:7      | 7251 ||| Stepping ~*~*~tactically~*~*~ (stealth).
  7251 | D:7      | Gained mutation: You passively map a small area around you.
                  | [hidden potential]
  7251 | D:7      | Lost mutation: You have hidden genetic potential. [hidden
                  | potential expressed]
  7258 | D:7      | 7258 ||| Stepping ~*~*~tactically~*~*~ (stealth).
  7271 | D:7      | 7271 ||| INVOKING Heroism.
  7474 | D:8      | Reached skill level 10 in Axes
  7486 | D:8      | Noticed Prince Ribbit
  7489 | D:8      | Reached *** piety under Okawaru
  7496 | D:8      | Killed Prince Ribbit
  7725 | D:8      | Found Ytaggifi's Assorted Antiques.
  7740 | D:8      | 7740 ||| BUYING lumpy golden potion (19 gold).
  7740 | D:8      | Bought a lumpy golden potion for 19 gold pieces
  7740 | D:8      | 7740 ||| BUYING sapphire potion (19 gold).
  7740 | D:8      | Bought a sapphire potion for 19 gold pieces
  7740 | D:8      | 7740 ||| BUYING tubular marble ring (110 gold).
  7740 | D:8      | Bought a tubular marble ring for 110 gold pieces
  8243 | D:8      | 8243 ||| READING scroll of enchant armour.
  8243 | D:8      | 8243 ||| ENCHANTING +0 pair of gloves.
  8377 | D:8      | 8377 ||| READING scroll labelled ZANGEB FUOZXUKIOM.
  8418 | D:8      | 8418 ||| DRINKING 2 sedimented blue potions.
  8419 | D:8      | 8419 ||| DRINKING 2 lumpy golden potions.
  8598 | D:9      | Noticed a two-headed ogre
  8599 | D:9      | 8599 ||| INVOKING Heroism.
  8609 | D:9      | Killed a two-headed ogre
  8618 | D:9      | Noticed an orange crystal statue
  8620 | D:9      | 8620 ||| DRINKING 3 potions of curing.
  8620 | D:9      | 8620 ||| (to cure confusion)
  8622 | D:9      | 8622 ||| DRINKING 2 potions of curing.
  8622 | D:9      | 8622 ||| (to cure confusion)
  8625 | D:9      | 8625 ||| INVOKING Heroism.
  8626 | D:9      | Noticed a kobold demonologist
  8640 | D:9      | Noticed a smoke demon
  8647 | D:9      | 8647 ||| FLEEEEING.
  8648 | D:9      | 8648 ||| FLEEEEING.
  8649 | D:9      | 8649 ||| FLEEEEING.
  8652 | D:9      | 8652 ||| FLEEEEING.
  8653 | D:9      | 8653 ||| FLEEEEING.
  8654 | D:9      | 8654 ||| FLEEEEING.
  8655 | D:9      | 8655 ||| FLEEEEING.
  8656 | D:9      | 8656 ||| FLEEEEING.
  8657 | D:9      | 8657 ||| FLEEEEING.
  8658 | D:9      | 8658 ||| FLEEEEING.
  8659 | D:9      | 8659 ||| FLEEEEING.
  8660 | D:9      | 8660 ||| FLEEEEING.
  8661 | D:9      | 8661 ||| FLEEEEING.
  8662 | D:9      | 8662 ||| FLEEEEING.
  8663 | D:9      | 8663 ||| FLEEEEING.
  8666 | D:9      | 8666 ||| STAIRDANCE
  8785 | D:9      | 8785 ||| FLEEEEING.
  9054 | D:9      | 9054 ||| INVOKING Heroism.
  9057 | D:9      | 9057 ||| DRINKING potion of curing.
  9057 | D:9      | 9057 ||| (to cure confusion)
  9066 | D:9      | 9066 ||| DROPPING ring of magical power.
  9095 | D:9      | HP: 15/64 [vampire mosquito[an orange crystal statue] (4)]
  9098 | D:9      | HP: 2/64 [vampire mosquito[an orange crystal statue] (7)]
  9098 | D:9      | Slain by a vampire mosquito

Levels and vault maps discovered:
D:1:      dpeg_arrival_ternary, layout_loops_ring, st_stairs_14
D:2:      layout_basic, ebering_ecumenical_altar_mist
D:3:      layout_loops_ring, guppyfry_early_lair_pool
D:4:      layout_basic, minmay_temple_entry_gardened_gates, serial_shops, shop,
          minivault_1, chequers_arboretum, dreamdust_wishing_well, hex_tiny,
          uniq_sigmund
D:5:      layout_basic, serial_shops, shop, nicolae_shop_firing_range
D:6:      layout_rooms, lemuel_coloured_pillars_altar, uniq_grinder
D:7:      layout_rooms, grunt_decor_clamped, kennysheep_doodads,
          minmay_fractal_squares_diagonal_5
D:8:      layout_cave_pods, serial_shops, shop_coins, enter_bailey_5,
          mrwooster_statue_mirror, feat_on_display, uniq_prince_ribbit1
D:9:      layout_long_grid, minmay_large_rounded_square, minivault_15
Temple:   nicolae_temple_no_exploring_needed

Skill      XL: |  1  2  3  4  5  6  7  8  9 10 |
---------------+-------------------------------+-----
Axes           | 2 3 4 5 6 7 8 9 10 | 10.1
Throwing       | 1 2 4 |  4.3
Fighting       | 4 5 7 8 |  8.0
Armour         | 4 5 6 |  6.0
Invocations    | 1 4 |  4.0
Dodging        | 1 |  1.0
Shields        | 4 5 |  5.0

Action                     |  1- 3 |  4- 6 |  7- 9 | 10-12 || total
---------------------------+-------+-------+-------+-------++-------
  Melee: War axe           |   136 |   109 |    26 |       ||   271
         Broad axe         |       |       |   166 |    71 ||   237
         Kick              |       |       |    38 |    16 ||    54
  Throw: Javelin           |    13 |    30 |    46 |     9 ||    98
         Boomerang         |       |       |     8 |    29 ||    37
 Invoke: Heroism           |       |       |     9 |     4 ||    13
    Use: Scroll            |     4 |     9 |     6 |     3 ||    22
         Potion            |       |     2 |     6 |     5 ||    13
 Armour: Scale mail        |    73 |       |       |       ||    73
         Plate armour      |    12 |    79 |   208 |    75 ||   374
  Dodge: Dodged            |    51 |    22 |   117 |    51 ||   241
  Block: Buckler           |    27 |    18 |    53 |    18 ||   116

Table legend:
 A = Non-vault XP
 B = Vault XP
 C = Vault XP percentage of total XP
 D = Non-vault monster count
 E = Vault monster count
 F = Vault count percentage of total count
                 A         B        C        D         E       F
            +---------+---------+-------+---------+---------+-------
      Total |    6168 |    1157 |  15.8 |     180 |      14 |   7.2
            +---------+---------+-------+---------+---------+-------
        D:1 |      50 |       0 |   0.0 |      30 |       0 |   0.0
        D:2 |      39 |       0 |   0.0 |      14 |       0 |   0.0
        D:3 |     159 |       0 |   0.0 |      27 |       0 |   0.0
        D:4 |     379 |     214 |  36.1 |      25 |       1 |   3.8
        D:5 |     433 |       0 |   0.0 |      14 |       0 |   0.0
        D:6 |     689 |     281 |  29.0 |      16 |       1 |   5.9
        D:7 |    2345 |     395 |  14.4 |      42 |       7 |  14.3
        D:8 |     732 |     267 |  26.7 |       8 |       5 |  38.5
        D:9 |    1342 |       0 |   0.0 |       4 |       0 |   0.0
            +---------+---------+-------+---------+---------+-------
